AoeStats
← Failed Math Test

Arena

510005804Analyzed
1v1 RM · 2d ago on Sep 29, 2026· 54m 46s· 2 players
Game mode
Random Map
Map size
Tiny (2 player)
Population
200
Speed
Normal
Resources
Standard
Victory
Conquest
Starting age
Dark Age
Ending age
Imperial Age
RankedLock teamsTeams togetherTeam positionsShared explorationLock speedFull tech treeHidden civsTurbo modeCheats
Victory
Defeat
🇧🇷 Poles · Brazil
1156
+15
🇨🇦 Spanish · Canada
1142
-15
Failed Math Test
10:59 Feudal Age
11:40 Double-Bit Axe
14:34 Castle Age
12:38 Horse Collar
17:16 Forging
29:07 Imperial Age
26:42 Loom
29:55 Wheelbarrow
49:48 Pikeman
54:20 Halberdier
Jeca Abusado
10:29 Feudal Age
15:12 Castle Age
14:06 Double-Bit Axe
16:22 Bow Saw
16:14 Horse Collar
17:04 Heavy Plow
17:11 Gold Mining
20:55 Loom
21:37 Scale Mail Armor
24:29 Chain Mail Armor
25:57 Bloodlines
26:24 Forging
27:34 Szlachta Privileges
28:40 Scale Barding Armor
30:23 Wheelbarrow
32:20 Chain Barding Armor
32:52 Husbandry
36:38 Hand Cart
37:46 Iron Casting
42:48 Imperial Age
40:04 Light Cavalry
44:24 Lechitic Legacy
44:23 Winged Hussar
44:49 Cavalier
45:29 Town Watch
45:23 Capped Ram
48:07 Crop Rotation
49:25 Blast Furnace
50:12 Siege Ram
Connection lost

Rejoining the realm…

Still unreachable

The connection could not be restored.

Session expired

The server has moved on; the page needs a fresh start.